 Dungeon Crawl Stone Soup version 0.26-a0-1107-g6118521029 (webtiles) character file.

Game seed: 98090531046884828

949 tilp the Changer (level 8, -5/54 HPs)
             Began as an Octopode Transmuter on Dec 16, 2020.
             Was an Initiate of Ru.
             Slain by an orc warrior
             ... wielding a +0 mace
              (20 damage)
             ... on level 6 of the Dungeon.
             The game lasted 00:17:08 (9114 turns).

tilp the Changer (Octopode Transmuter)              Turns: 9114, Time: 00:17:09

Health: -5/54      AC:  1    Str: 10      XL:     8   Next: 13%
Magic:  13/14      EV: 13    Int: 17      God:    Ru [......]
Gold:   248        SH:  0    Dex:  9 (12) Spells: 9/15 levels left

rFire    . . .     SeeInvis .     - Unarmed
rCold    + . .     Faith    +   (no shield)
rNeg     + . .     Spirit   .   (helmet currently unavailable)
rPois    .         Reflect  .   t - amulet of faith
rElec    .         Harm     .   j - ring of protection from cold
rCorr    .         Rampage  .   k - ring of positive energy
Will     .....                  (no ring)
Stlth    +++.......             (no ring)
HPRegen  0.18/turn              (no ring)
MPRegen  0.14/turn              (no ring)
                                (no ring)
                                (no ring)

@: appendages (expiring)
A: almost no armour, stealthy swim, amphibious, 8 rings, constrict 8, tentacle
spike 3, camouflage 1, gelatinous body 1
a: End Transformation, Renounce Religion


You were on level 6 of the Dungeon.
You worshipped Ru.
Ru was noncommittal.
One of your tentacles had a temporary spike.
You visited 2 branches of the dungeon, and saw 7 of its levels.
You also visited: Ossuary.

You collected 248 gold pieces.

Inventory:

Missiles
 e - 245 stones
 m - 5 boomerangs
 o - 3 boomerangs of dispersal
 q - 7 poisoned darts (quivered)
 r - 7 silver javelins
Jewellery
 j - a ring of protection from cold (left tentacle)
 k - a ring of positive energy (right tentacle)
 t - an amulet of faith (around mantle)
Wands
 y - a wand of flame (14)
 B - a wand of random effects (20)
Scrolls
 d - 5 scrolls of remove curse
 g - 2 scrolls of amnesia
 h - a scroll of teleportation
 l - 4 scrolls of enchant armour
 x - a scroll of blinking
 z - a scroll of magic mapping {unknown}
 C - a scroll of identify
Potions
 a - 2 potions of berserk rage
 b - a potion of resistance {unknown}
 c - 2 potions of lignification
 f - 2 potions of might
 i - a potion of cancellation
 n - 4 potions of curing
 p - 3 potions of attraction
 s - a potion of heal wounds {unknown}
 u - a potion of haste {unknown}
 v - 2 potions of brilliance
 w - 2 potions of flight
 A - a potion of ambrosia {unknown}


   Skills:
 + Level 3.8 Fighting
 - Level 2.0 Dodging
 - Level 4.0 Stealth
 - Level 4.0 Unarmed Combat
 - Level 4.0 Spellcasting
 - Level 6.0 Transmutations
 - Level 2.0 Poison Magic


You had 9 spell levels left.
You knew the following spells:

 Your Spells              Type           Power        Failure   Level
a - Beastly Appendage     Tmut           ###...       1%          1
b - Wereblood             Tmut           ###.....     1%          2
c - Spider Form           Tmut/Pois      ###.......   9%          3

Your spell library contained the following spells:

 Spells                   Type           Power        Failure   Level
 Blade Hands              Tmut           ###.......   36%         5
 Ice Form                 Ice/Tmut       ##......     41%         4


Dungeon Overview and Level Annotations

Branches:
Dungeon (6/15)             Temple (1/1) D:6         Ossuary (visited)

Altars:
Ashenzari
Cheibriados
Dithmenos
Elyvilon
Fedhas
Gozag
Hepliaklqana
Kikubaaqudgha
Makhleb
Nemelex Xobeh
Okawaru
Qazlal
Ru
Sif Muna
Trog
Uskayaw
Vehumet
Wu Jian
Xom
Zin

Annotations:
D:2 1 runed translucent door; ice beast down excluded stairs (!), exclusion: downstairs, Crazy Yiuf, Natasha
D:3 Ijyb has para, Ijyb
D:4 2 transporters, sky beast, exclusion: skeleton, ma3's ghost, amateur SpEE


Innate Abilities, Weirdness & Mutations

You cannot wear most types of armour.
You are very stealthy in the water. (Stealth+)
You are amphibious.
You can wear up to eight rings at the same time.
You can use your tentacles to constrict eight enemies at once.
Your skin changes colour to match your surroundings (Stealth+).
Your rubbery body absorbs attacks. (AC +1, EV +1)
One of your tentacles bears a large vicious spike.


Message History

The orc warrior hits you with a +0 mace!!
You tentacle-slap the orc warrior but do no damage.
You pierce the orc warrior, but do no damage.
The orc warrior is lightly wounded.
You constrict the orc warrior.
The orc warrior hits you with a +0 mace!
Unknown command.
You tentacle-slap the orc warrior but do no damage.
The orc warrior is moderately wounded.
Your transformation is almost over.
You constrict the orc warrior.
The orc warrior hits you with a +0 mace!
* * * LOW HITPOINT WARNING * * *
Unknown command.
You tentacle-slap the orc warrior but do no damage.
You squeeze the orc warrior.
The orc warrior is heavily wounded.
You constrict the orc warrior.
The orc warrior hits you with a +0 mace!!
You die...

#'######.# #.##(#
#.# #..# #....#
#.# ##..#
#####o###.# #....
...>.# #.....#
#...###.##.#
#(.####
.....#.##.# #o.#
..#.#.##.# #o.#
#.#.#.##.###@.#
#.#.#.........#
#.#.#......##.#
#..<..>....##.#
##.........##.#
#....b##...##.#
.........#...##.#
#................#
#.#.......##..####


You could see an orc warrior (poisoned) and 2 orcs.

Vanquished Creatures
  A centaur (D:5)
  3 water moccasin zombies (Ossuary)
  2 scorpions
  A quasit (D:5)
  A bullfrog skeleton (D:4)
  An orc priest (D:4)
  A gnoll shaman (D:5)
  3 orc wizards
  3 iguanas
  A big kobold zombie (Ossuary)
  2 mummies (Ossuary)
  Robin (D:2)
  4 gnolls (D:5)
  A howler monkey skeleton (D:4)
  8 adders
  An ooze (D:1)
  6 adder zombies
  A worm (D:3)
  3 dart slugs
  8 leopard geckos
  10 orcs
  8 giant cockroaches
  A gnoll zombie (Ossuary)
  8 hobgoblins
  3 jackals (D:4)
  6 kobolds
  2 quokkas
  2 ball pythons
  8 bats
  8 frilled lizards
  4 goblins
  4 hobgoblin zombies (Ossuary)
  4 kobold zombies (Ossuary)
  5 orc zombies (Ossuary)
  9 rats
134 creatures vanquished.

Vanquished Creatures (others)
  A quokka (D:5)
1 creature vanquished.

Grand Total: 135 creatures vanquished

Notes
Turn   | Place    | Note
-------+----------+-------------------------------------------
     0 | D:1      | tilp the Octopode Transmuter began the quest for the Orb.
     0 | D:1      | Reached XP level 1. HP: 13/13 MP: 3/3
   220 | D:1      | Reached XP level 2. HP: 18/18 MP: 3/5
   223 | D:1      | Learned a level 2 spell: Wereblood
   522 | D:1      | Reached skill level 3 in Transmutations
   940 | D:2      | You fall into a shaft and drop 1 floor!
   954 | D:3      | Reached XP level 3. HP: 23/23 MP: 4/6
  1155 | D:2      | Noticed Natasha
  1318 | D:2      | Noticed Robin
  1321 | D:2      | Killed Robin
  1322 | D:2      | Reached skill level 4 in Transmutations
  1598 | D:2      | Reached XP level 4. HP: 28/28 MP: 7/7
  1601 | D:2      | Reached skill level 1 in Stealth
  1783 | D:2      | Found a runed translucent door.
  1784 | D:2      | Noticed Crazy Yiuf
  2461 | D:3      | Noticed an ice beast
  3098 | D:3      | Reached XP level 5. HP: 16/34 MP: 5/8
  3617 | D:3      | Noticed Ijyb
  4612 | D:4      | Reached XP level 6. HP: 39/39 MP: 10/10
  4794 | D:4      | Found a transporter.
  4794 | D:4      | Noticed ma3's ghost (amateur SpEE)
  5381 | D:4      | Reached skill level 5 in Transmutations
  5778 | D:4      | Found a transporter.
  6037 | D:5      | Entered Level 5 of the Dungeon
  6051 | D:5      | Learned a level 3 spell: Spider Form
  6053 | D:5      | Found a sand-covered staircase.
  6063 | D:5      | Reached XP level 7. HP: 28/45 MP: 9/12
  6178 | Ossuary  | Entered an ossuary
  6567 | Ossuary  | Reached skill level 6 in Transmutations
  6573 | Ossuary  | Reached skill level 1 in Poison Magic
  6950 | D:5      | Found a white marble altar of Elyvilon.
  7444 | D:5      | Found a hide-covered altar of Uskayaw.
  7444 | D:5      | Noticed a +0 hand axe
  7445 | D:5      | Noticed a +0 dagger
  7463 | D:5      | Reached XP level 8. HP: 24/52 MP: 10/14
  8224 | D:6      | Found a staircase to the Ecumenical Temple.
  8894 | Temple   | Entered the Ecumenical Temple
  9046 | Temple   | Became a worshipper of Ru the Awakened
  9096 | D:6      | Found an ornate altar of the Wu Jian Council.
  9096 | D:6      | Found a sparkling altar of Nemelex Xobeh.
  9114 | D:6      | Slain by an orc warrior

Illustrated notes

Levels and vault maps discovered:
D:1:      dpeg_arrival_round_c, layout_rooms, serial_corexii_hall,
          chequers_hall_statues_wall_a, chequers_hall_statues_wall_a
D:2:      layout_loops_cross, minmay_fountain_box, uniq_robin, uniq_natasha,
          uniq_crazy_yiuf_cottage
D:3:      layout_basic, uniq_ijyb
D:4:      layout_basic, gammafunk_ghost_arena
D:5:      layout_cave_pools, elyvilon_altar_4, dancing_weapons_uskayaw,
          nicolae_ossuary_entry_ruins, palyth_stone_intersect, grunt_tough_drop
D:6:      layout_loops_ring, kennysheep_mini, gammafunk_temple_overflow_pools,
          minmay_temple_entry_butterflies
Temple:   eino_temple_scatter_basement

Skill      XL: |  1  2  3  4  5  6  7  8 |
---------------+-------------------------+-----
Transmutations | 3 4 5 6 |  6.0
Stealth        | 2 3 4 |  4.0
Fighting       | 2 3 |  3.8
Spellcasting   | 3 4 |  4.0
Poison Magic   | 2 |  2.0
Unarmed Combat | 4 |  4.0
Dodging        | |  2.0

Action                   |  1- 3 |  4- 6 |  7- 9 || total
-------------------------+-------+-------+-------++-------
Melee: Unarmed           |    58 |   180 |   126 ||   364
       Constrict         |    14 |    40 |    38 ||    92
       Kick              |    17 |    41 |    35 ||    93
       Tentacles         |     9 |    20 |    23 ||    52
       Punch             |       |     3 |     3 ||     6
Throw: Stone             |     2 |     3 |       ||     5
       Boomerang         |       |     4 |       ||     4
       Dart              |       |    23 |    19 ||    42
 Cast: Beastly Appendage |    16 |    35 |    14 ||    65
       Wereblood         |     1 |     2 |     5 ||     8
       Spider Form       |       |     1 |       ||     1
Evoke: Wand              |       |       |     1 ||     1
  Use: Scroll            |     2 |     9 |     4 ||    15
       Potion            |       |       |     2 ||     2
 Stab: Sleeping          |     8 |     7 |     2 ||    17
Armor: Skin              |    11 |    10 |    11 ||    32
Dodge: Dodged            |    32 |    83 |    75 ||   190

Table legend: (Time is in decaauts)
 A = Elapsed time spent in this place.
 B = Non-inter-level travel time spent in this place.
 C = Inter-level travel time spent in this place.
 D = Time resting spent in this place.
 E = Time spent auto-exploring this place.
 F = Levels seen in this place.
 G = Mean time per level.
                   A        B        C        D        E       F      G
               +--------+--------+--------+--------+--------+-----+--------+
         Total |   9104 |   8733 |    371 |   3148 |   3715 |   8 | 1138.0 |
       Dungeon |   8243 |   7907 |    336 |   2644 |   3568 |   6 | 1373.8 |
        Temple |    170 |    135 |     35 |      0 |    128 |   1 |  170.0 |
       Ossuary |    689 |    689 |      0 |    504 |     19 |   1 |  689.0 |
               +--------+--------+--------+--------+--------+-----+--------+

Top non-repeatable levels by time:
     D:4: 2450 daAuts
     D:3: 1996 daAuts
     D:5: 1736 daAuts
     D:2: 1288 daAuts
 Ossuary: 689 daAuts
     D:1: 675 daAuts
  Temple: 170 daAuts
     D:6: 95 daAuts
